 Dungeon Crawl Stone Soup version 0.20.0 (webtiles) character file.

154510 BarneyGumball the Slayer (level 17, -7/180 HPs)
             Began as a Minotaur Earth Elementalist on June 4, 2017.
             Was a High Priest of Trog.
             Mangled by an entropy weaver
             ... wielding a +0 broad axe
              (14 damage)
             ... on level 3 of the Spider Nest on June 5, 2017.
             The game lasted 03:14:18 (48675 turns).

BarneyGumball the Slayer (MiEE)                    Turns: 48675, Time: 03:14:19

Health: -7/180     AC:  4    Str: 19    XL:     17   Next: 6%
Magic:  41/41      EV:  7    Int: 14    God:    Trog [*****.]
Gold:   448        SH: 10    Dex: 15    Spells: 17/18 levels left

rFire    + + +     SeeInvis +   t - +1 flail "Nuohall" {crush, rElec MP+9 Int+2}
rCold    + + .     Gourm    +   A - +2 buckler {reflect}
rNeg     + . .     Faith    .   c - +9 plate armour of Ypiagal {*Corrode rF++ MR+}
rPois    +         Spirit   .   i - -2 hat of the Alchemist {rElec rPois rF+ rC+ rN+ MR+ rMut rCorr}
rElec    +         Reflect  +   T - +2 cloak
rCorr    +         Harm     .   r - +2 pair of gloves
rMut     +                      f - +0 pair of boots (curse)
MR       +++++                  C - amulet of Idealism {Gourm rC+ MR+++ Str-3 SInv}
Stlth    ..........             L - +6 ring of strength
Regen    0.4/turn               n - ring "Betrimm" {rCorr MP+9 Slay+3}
MPRegen  0.3/turn

@: lethally poisoned (-7 -> -20), corroded, berserk cooldown, slowed, very slow
A: retaliatory headbutt, horns 2
a: Berserk, Trog's Hand, Brothers in Arms, Burn Spellbooks, Renounce Religion


You were on level 3 of the Spider Nest.
You worshipped Trog.
Trog was extremely pleased with you.
You were not hungry.

You visited 5 branches of the dungeon, and saw 28 of its levels.
You also visited: Labyrinth, Sewer and Ice Cave.

You collected 2860 gold pieces.
You spent 2412 gold pieces at shops.

Inventory:

Hand Weapons
 t - the +1 flail "Nuohall" (weapon) {crush, rElec MP+9 Int+2}
   (You found it on level 5 of the Dungeon)

   It inflicts extra damage upon your enemies.
   It affects your intelligence (+2).
   It insulates you from electricity.
   It affects your magic capacity (+9).
 v - a +4 antimagic dire flail
Missiles
 b - 966 stones (quivered)
Armour
 c - the +9 plate armour of Ypiagal (worn) {*Corrode rF++ MR+}
   (You bought it in a shop on level 9 of the Dungeon)

   It greatly protects you from fire.
   It affects your resistance to hostile enchantments.
   It may corrode you when you take damage.
 f - a cursed +0 pair of boots (worn)
 i - the -2 hat of the Alchemist (worn) {rElec rPois rF+ rC+ rN+ MR+ rMut rCorr}
   (You found it in an ice cave)

   It protects you from fire.
   It protects you from cold.
   It insulates you from electricity.
   It protects you from poison.
   It protects you from negative energy.
   It affects your resistance to hostile enchantments.
   It protects you from acid and corrosion.
   It protects you from mutation.
 r - a +2 pair of gloves (worn)
 A - a +2 buckler of reflection (worn)
 T - a +2 cloak (worn)
Jewellery
 l - an uncursed ring of see invisible
 n - the ring "Betrimm" (right hand) {rCorr MP+9 Slay+3}
   (You bought it in a shop on level 14 of the Dungeon)

   [ring of resist corrosion]

   It affects your accuracy and damage with ranged weapons and melee attacks
   (+3).
   It affects your magic capacity (+9).
 s - an uncursed ring of fire
 C - the amulet of Idealism (around neck) {Gourm rC+ MR+++ Str-3 SInv}
   (You took it off a minotaur in a labyrinth)

   [amulet of the gourmand]

   It allows you to eat raw meat even when not hungry.
   It affects your strength (-3).
   It protects you from cold.
   It affects your resistance to hostile enchantments.
   It lets you see invisible.
 E - the amulet "Xama" {rN+ Regen+ MP+9}
   (You acquired it on level 5 of the Lair of Beasts)

   [amulet of regeneration]

   It protects you from negative energy.
   It affects your magic capacity (+9).
   It increases your rate of regeneration.
 L - a +6 ring of strength (left hand)
Wands
 o - a wand of disintegration (16/24)
 G - a wand of confusion (19/48)
 M - a wand of acid (10/15)
 S - a wand of iceblast (6/15)
Scrolls
 e - 6 scrolls of teleportation
 h - 15 scrolls of remove curse
 k - a scroll of identify
 p - a scroll of summoning
 q - 7 scrolls of recharging
 w - 5 scrolls of fog
 x - 2 scrolls of fear
 y - 5 scrolls of magic mapping
 D - 2 scrolls of blinking
 I - 4 scrolls of enchant weapon
 K - a scroll of holy word
 R - a scroll of immolation
 W - 2 scrolls of enchant armour
Potions
 a - a potion of might
 g - 3 potions of cancellation
 j - 6 potions of curing
 u - 3 potions of haste
 B - 4 potions of resistance
 F - 5 potions of flight
 P - 2 potions of lignification
 Q - 3 potions of magic
 Y - a potion of invisibility
Comestibles
 d - 11 bread rations
 m - 22 royal jellies
 z - 12 meat rations
 O - 6 fruits


   Skills:
 - Level 23.6 Fighting
   Level 0.4 Short Blades
 - Level 15.0 Maces & Flails
 - Level 8.3 Armour
 - Level 2.2 Dodging
 - Level 1.5 Stealth
 + Level 14.6 Shields
 - Level 1.3 Spellcasting
   Level 0.7 Transmutations
 - Level 2.6 Earth Magic
 - Level 10.0 Evocations


You had 17 spell levels left.
You knew the following spells:

 Your Spells              Type           Power        Failure   Level  Hunger
a - Sandblast             Erth           #.....       88%         1    ##.....


Dungeon Overview and Level Annotations

Branches:
Dungeon (15/15)            Temple (1/1) D:7            Lair (6/6) D:11
  Swamp (0/4) Lair:4       Spider (4/4) Lair:2        Slime (0/5) Lair:6
    Orc (2/2) D:12            Elf (0/3) Orc:2        Vaults (0/5) D:13
 Depths (0/5) D:15

Altars:
Ashenzari
Cheibriados
Dithmenos
Elyvilon
Fedhas
Gozag
Hepliaklqana
Kikubaaqudgha
Makhleb
Nemelex Xobeh
Okawaru
Qazlal
Sif Muna
Trog
Uskayaw
Vehumet
Xom
Yredelemnul
Zin
The Shining One

Shops:
D:4 [   D:6 !   D:9 [[[?   D:14 =   Orc:1 **   Orc:2 (((}

Annotations:
D:9 2 transporters
Orc:1 exclusion: door


Innate Abilities, Weirdness & Mutations

You reflexively headbutt those who attack you in melee.
You have a pair of horns on your head.


Message History

* * * LOW HITPOINT WARNING * * *
Your corrosive artefact corrodes you!
The entropy weaver barely misses you.
You are too berserk!
Unknown command.
You hit the entropy weaver but do no damage.
The entropy weaver is heavily wounded.
You feel sick. The redback bites you!
* * * LOW HITPOINT WARNING * * *
You are too berserk!
You are too berserk!
You are too berserk!
You sock the entropy weaver!
The entropy weaver is severely wounded.
You are no longer berserk.
You are exhausted.
You feel yourself slow down.
* * * LOW HITPOINT WARNING * * *
You feel sick. You block the entropy weaver's attack.
The entropy weaver hits you with a broad axe!
You die...

#.. ##..#^#.#..##..##..# #
#..#
#...#..^..##...#######
...#
#...#..#........##....
#..##..##^)###..##.....^..
#..##..#.†<#####..#...###
#≈^..#...#..##########.
##...###...###.#..#.#..
#.a###.##..#!.........#
##..#.a@.####..#..#.#^##
#..##.†#s...#..########
##a.##..##.....##
##..##..####.#.##
#..†##^^## #####
###ss#...# #..#...#
##...### #..##


You could see an entropy weaver and a redback.

Vanquished Creatures
  Arachne (Spider:1)
  Jorgrun (Spider:4)
  A frost giant (IceCv)
  Aizul (Spider:1)
  Azrael (D:13)
  2 entropy weavers (Spider:3)
  Nessos (D:14)
  A minotaur (Lab)
  A vault guard (D:13)
  A rakshasa (D:15)
  10 hydras
  An ice dragon (Lair:6)
  2 catoblepae
  3 death yaks
  A centaur warrior (D:15)
  2 tengu warriors (D:15)
  Erica (D:11)
  13 two-headed ogres
  2 ogre magi (Orc:2)
  An orc high priest (D:12)
  The ghost of YTcomUltraviolent4 the Cleaver, a novice DDFi of Makhleb (D:8)
  2 unseen horrors
  A deep troll (Orc:2)
  4 wizards (D:13)
  A lindwurm (Lair:6)
  Pikel (D:6)
  2 orc sorcerers (Orc:2)
  A deep elf mage (D:14)
  10 orb spiders
  11 wolf spiders
  15 ugly things
  An oklob plant (Lair:2)
  5 cyclopes
  3 manticores
  23 elephants
  6 torpor snails
  5 black mambas
  A kobold demonologist (D:13)
  2 gargoyles
  An ice statue (IceCv)
  An efreet (D:10)
  2 rime drakes (Lair:6)
  13 spiny frogs
  7 komodo dragons
  2 ice devils (Lair:4)
  11 demonic crawlers
  17 trolls
  17 hornets
  25 polar bears
  18 jumping spiders
  4 tyrant leeches (Lair:6)
  A raiju (shapeshifter) (D:15)
  2 raiju (Lair:6)
  10 blink frogs
  3 slime creatures (D:15)
  7 dream sheep (Lair:6)
  10 hippogriffs
  A shadow (D:15)
  11 tarantellas
  32 yaks
  7 water elementals (D:15)
  10 wyverns
  A wraith (D:15)
  49 redbacks
  5 fire elementals (D:13)
  4 hogs (D:8)
  15 humans
  A steam dragon (Lair:2)
  3 basilisks
  10 vampire mosquitoes
  4 hungry ghosts
  7 wargs
  A swamp worm (shapeshifter) (D:15)
  16 hell hounds
  A soldier ant (D:15)
  A soldier ant (shapeshifter) (D:15)
  Duvessa (D:7)
  2 acid dragons
  6 porcupines
  17 water moccasins
  21 orc warriors
  5 ice beasts
  7 sky beasts
  2 swamp drakes
  13 black bears
  15 centaurs
  An eye of draining (D:9)
  29 ogres
  3 boggarts (D:15)
  29 wolves
  2 necrophages
  30 crocodiles
  2 big kobolds
  18 bullfrogs
  A wyvern zombie (D:12)
  3 wyvern skeletons
  2 scorpions
  Dowan (D:7)
  2 killer bees
  4 electric eels
  14 wights
  3 howler monkeys
  8 crimson imps
  2 bullfrog zombies
  4 centaur zombies
  2 quasits
  4 bullfrog skeletons
  10 hounds
  3 jellies
  8 orc priests
  2 centaur skeletons
  18 orc wizards
  Jessica (D:3)
  7 iguanas
  13 worker ants
  2 hound zombies
  2 hound skeletons
  A worker ant zombie (D:3)
  20 adders
  A gnoll (D:6)
  8 shadow imps
  3 oozes
  4 worms
  4 dart slugs
  10 leopard geckos
  90 orcs
  5 bats
  15 giant cockroaches
  13 goblins
  A goblin (shapeshifter) (D:15)
  15 hobgoblins
  11 jackals
  4 quokkas
  4 ball pythons
  10 frilled lizards
  19 kobolds
  12 rats
1041 creatures vanquished.

Vanquished Creatures (collateral kills)
  An orc warlord (Orc:2)
  Snorg (Lair:4)
  A vault guard (D:13)
  2 two-headed ogres (Orc:1)
  A catoblepas (Lair:5)
  A deep troll (Orc:1)
  A torpor snail (Lair:6)
  A hornet (Lair:6)
  2 redbacks (Spider:3)
  2 tarantellas (Spider:3)
  4 humans (D:13)
  A bullfrog (Lair:5)
  An orc priest (Orc:2)
  An orc (Orc:2)
  A bush (Lair:5)
21 creatures vanquished.

Vanquished Creatures (others)
  A hell hound (Lair:6)
  A hound (D:7)
  An adder (D:7)
  An orc (D:7)
  39 fungi
  47 plants
90 creatures vanquished.

Grand Total: 1152 creatures vanquished

Notes
Turn   | Place    | Note
-------+----------+-------------------------------------------
     0 | D:1      | BarneyGumball the Minotaur Earth Elementalist began the quest for the Orb.
     0 | D:1      | Reached XP level 1. HP: 14/14 MP: 1/1
   119 | D:1      | Reached skill level 1 in Fighting
   204 | D:1      | Reached XP level 2. HP: 20/23 MP: 3/3
   574 | D:1      | Reached skill level 1 in Maces & Flails
  1303 | D:1      | Reached XP level 3. HP: 28/28 MP: 4/4
  2319 | D:2      | Reached XP level 4. HP: 35/36 MP: 5/5
  2567 | D:3      | Found a glowing drain.
  2585 | Sewer    | Entered a sewer
  2921 | Sewer    | Noticed a big kobold
  2934 | Sewer    | Noticed a big kobold
  2958 | Sewer    | Noticed a big kobold
  2964 | Sewer    | Noticed a big kobold
  3363 | D:3      | Noticed Jessica
  3380 | D:3      | Killed Jessica
  3380 | D:3      | Reached XP level 5. HP: 19/41 MP: 6/6
  3609 | D:3      | Reached skill level 5 in Maces & Flails
  4828 | D:3      | Reached XP level 6. HP: 48/48 MP: 7/7
  5056 | D:4      | Found Paimamec's Antique Armour Boutique.
  5254 | D:4      | Found a white marble altar of Elyvilon.
  5441 | D:4      | Reached XP level 7. HP: 45/53 MP: 8/8
  5829 | D:5      | Entered Level 5 of the Dungeon
  6340 | D:5      | Got a slimy flail
  6341 | D:5      | Identified the cursed +1 flail "Nuohall" {crush, rElec MP+9 Int+2} (You found it on level 5 of the Dungeon)
  6457 | D:5      | Reached skill level 10 in Maces & Flails
  6878 | D:5      | Found a glowing silver altar of Zin.
  6879 | D:5      | Found an opulent altar of Gozag.
  6940 | D:5      | Found a shattered altar of Ashenzari.
  6955 | D:5      | Reached XP level 8. HP: 61/61 MP: 9/9
  7868 | D:6      | Found Wyimahudd's Distillery.
  7875 | D:6      | Bought a potion of agility for 52 gold pieces
  7875 | D:6      | Bought a potion of curing for 39 gold pieces
  7875 | D:6      | Bought a potion of curing for 39 gold pieces
  7875 | D:6      | Bought a potion of haste for 130 gold pieces
  7875 | D:6      | Bought a potion of flight for 39 gold pieces
  8691 | D:7      | Noticed Dowan
  8692 | D:7      | Noticed Duvessa
  8708 | D:7      | Killed Dowan
  8708 | D:7      | Reached XP level 9. HP: 62/67 MP: 10/10
  8725 | D:7      | Killed Duvessa
  9396 | D:7      | Reached skill level 2 in Fighting
  9410 | D:7      | Noticed Pikel
  9431 | D:6      | Killed Pikel
  9431 | D:6      | Reached skill level 5 in Fighting
  9513 | D:7      | Found a snail-covered altar of Cheibriados.
  9516 | D:7      | Found a stormy altar of Qazlal.
  9528 | D:7      | Found a blossoming altar of Fedhas.
  9529 | D:7      | Found an ancient bone altar of Kikubaaqudgha.
  9668 | D:7      | Reached skill level 6 in Fighting
  9888 | D:7      | Found a staircase to the Ecumenical Temple.
  9897 | Temple   | Entered the Ecumenical Temple
  9962 | Temple   | Became a worshipper of Trog the Wrathful
 10415 | D:8      | Noticed YTcomUltraviolent4's ghost (novice DDFi)
 10505 | D:8      | Reached skill level 7 in Fighting
 10536 | D:8      | Found an iron altar of Okawaru.
 10657 | D:8      | Killed YTcomUltraviolent4's ghost
 10657 | D:8      | Reached skill level 8 in Fighting
 10657 | D:8      | Reached XP level 10. HP: 64/89 MP: 11/11
 10789 | D:8      | Reached skill level 9 in Fighting
 10796 | D:8      | Reached * piety under Trog
 11042 | D:8      | Reached skill level 10 in Fighting
 11437 | D:9      | Found Niaczatu's Armour Shop.
 11474 | D:9      | Found a shadowy altar of Dithmenos.
 11530 | D:9      | Found Sawog's Antique Armour Shoppe.
 11591 | D:9      | Noticed a two-headed ogre
 11655 | D:9      | Killed a two-headed ogre
 11655 | D:9      | Reached skill level 11 in Fighting
 11889 | D:9      | Noticed an orc high priest
 11891 | D:9      | Found a basalt altar of Yredelemnul.
 12012 | D:9      | Reached skill level 12 in Fighting
 12049 | D:9      | Got a shimmering copper amulet
 12050 | D:9      | Identified the amulet "Oqogreol" {Spirit *Slow Str+3 Slay+3 SInv} (You found it on level 9 of the Dungeon)
 12146 | D:9      | Reached ** piety under Trog
 12146 | D:9      | Reached skill level 1 in Evocations
 12293 | D:9      | Found Haoh's Magic Scroll Shop.
 12335 | D:9      | Bought a scroll of blinking for 112 gold pieces
 12335 | D:9      | Bought a scroll of fog for 30 gold pieces
 12335 | D:9      | Bought a scroll of teleportation for 45 gold pieces
 12335 | D:9      | Bought a scroll of magic mapping for 52 gold pieces
 12350 | D:9      | Found Tuohok's Antique Armour Shoppe.
 12614 | D:10     | Entered Level 10 of the Dungeon
 12642 | D:10     | Reached XP level 11. HP: 55/105 MP: 12/12
 12829 | D:10     | Reached skill level 13 in Fighting
 13079 | D:10     | Noticed a two-headed ogre
 13116 | D:10     | Killed a two-headed ogre
 13684 | D:10     | Reached *** piety under Trog
 14284 | D:11     | Reached skill level 14 in Fighting
 14598 | D:11     | Noticed an unseen horror
 15238 | D:11     | Killed an unseen horror
 15238 | D:11     | Reached skill level 5 in Evocations
 15308 | D:11     | Noticed Erica
 15510 | D:11     | Killed Erica
 15510 | D:11     | Reached **** piety under Trog
 15510 | D:11     | Reached skill level 15 in Fighting
 15859 | D:11     | Found a staircase to the Lair.
 16024 | Lair:1   | Entered Level 1 of the Lair of Beasts
 16306 | Lair:1   | Reached XP level 12. HP: 119/119 MP: 15/15
 17130 | Lair:2   | Noticed an eight-headed hydra
 17146 | Lair:2   | Killed an eight-headed hydra
 17175 | Lair:2   | Reached skill level 16 in Fighting
 17371 | Lair:2   | Noticed a death yak
 17383 | Lair:2   | Noticed a death yak
 17393 | Lair:2   | Killed a death yak
 17403 | Lair:2   | Killed a death yak
 17815 | Lair:2   | Noticed a five-headed hydra
 17823 | Lair:2   | Killed a five-headed hydra
 17871 | Lair:2   | Found a hole to the Spider Nest.
 17895 | Lair:2   | Noticed an eight-headed hydra
 17907 | Lair:2   | Killed an eight-headed hydra
 18688 | Lair:2   | Reached skill level 17 in Fighting
 19769 | Lair:3   | Got a pitted leather armour
 19792 | Lair:3   | Identified the +3 leather armour "Igieheupt" {Int+2 Dex+2} (You found it on level 3 of the Lair of Beasts)
 20005 | Lair:3   | Noticed a seven-headed hydra
 20012 | Lair:3   | Killed a seven-headed hydra
 20382 | Lair:3   | Noticed a five-headed hydra
 20394 | Lair:3   | Killed a five-headed hydra
 20729 | Lair:3   | Reached XP level 13. HP: 124/134 MP: 18/18
 21078 | Lair:4   | Found a staircase to the Swamp.
 21115 | Lair:4   | Found a frozen archway.
 21290 | IceCv    | Entered an ice cave
 21353 | IceCv    | Reached skill level 18 in Fighting
 21517 | IceCv    | Reached ***** piety under Trog
 22382 | IceCv    | Noticed a frost giant
 22409 | IceCv    | Killed a frost giant
 23396 | Lair:4   | Noticed Snorg
 23403 | Lair:4   | Killed Snorg
 23538 | Lair:4   | You fall through a shaft for 2 floors!
 23538 | Lair:6   | Entered Level 6 of the Lair of Beasts
 23566 | Lair:6   | Reached skill level 19 in Fighting
 24310 | Lair:6   | Found a runed door.
 26309 | Lair:4   | Reached skill level 10 in Evocations
 26601 | Lair:5   | Reached XP level 14. HP: 127/147 MP: 20/20
 26827 | Lair:4   | Reached skill level 20 in Fighting
 27692 | Lair:5   | Received a gift from Trog
 28115 | Lair:5   | Identified a scroll of acquirement
 28116 | Lair:5   | Got a twitching sapphire amulet
 28125 | Lair:5   | Identified the amulet "Xama" {rN+ Regen+ MP+9} (You acquired it on level 5 of the Lair of Beasts)
 28839 | Lair:6   | Found a staircase to the Slime Pits.
 29401 | Lair:6   | Reached skill level 21 in Fighting
 31093 | Lair:6   | Received a gift from Trog
 31093 | Lair:6   | Reached skill level 22 in Fighting
 31323 | Lair:6   | Reached skill level 1 in Armour
 32440 | Lair:6   | Reached XP level 15. HP: 88/161 MP: 21/21
 33075 | D:12     | Received a gift from Trog
 33268 | D:12     | Found a staircase to the Orcish Mines.
 33935 | Orc:1    | Entered Level 1 of the Orcish Mines
 33935 | Orc:1    | Found Cieroladd's Assorted Antiques.
 34009 | Orc:1    | Found Birisk's General Store.
 34025 | Orc:1    | Bought a potion of curing for 39 gold pieces
 34025 | Orc:1    | Bought a royal jelly for 26 gold pieces
 34025 | Orc:1    | Bought a potion of resistance for 130 gold pieces
 34086 | Orc:1    | Found a deep blue altar of Sif Muna.
 34228 | Orc:2    | Entered Level 2 of the Orcish Mines
 34273 | Orc:2    | Found a staircase to the Elven Halls.
 34377 | Orc:2    | Found a labyrinth entrance.
 34432 | Lab      | Entered a labyrinth
 35467 | Lab      | Received a gift from Trog
 35470 | Lab      | Got a fine silver amulet
 35471 | Lab      | Got a steaming great sword {holy}
 35566 | Orc:2    | Identified the +2 great sword of Itulocy {holy, rPois rF+} (You took it off a minotaur in a labyrinth)
 35572 | Orc:2    | Identified the amulet of Idealism {Gourm rC+ MR+++ Str-3 SInv} (You took it off a minotaur in a labyrinth)
 36102 | Orc:2    | Noticed an orc warlord
 36295 | Orc:2    | Killed an orc warlord
 36295 | Orc:2    | Reached skill level 5 in Armour
 37478 | Orc:2    | Reached skill level 15 in Maces & Flails
 38491 | Orc:2    | Reached skill level 23 in Fighting
 38673 | Orc:2    | Found Aklonei's Weapon Emporium.
 38992 | Orc:2    | Found Lowogh's Antique Weapon Shoppe.
 38992 | Orc:2    | Found Heyziuts's Gadget Boutique.
 39002 | Orc:2    | Found Valyn's Antique Weapon Emporium.
 39233 | D:13     | Received a gift from Trog
 39573 | D:13     | Noticed Azrael
 39592 | D:13     | Killed Azrael
 40142 | D:13     | Received a gift from Trog
 40328 | D:13     | Found a gate to the Vaults.
 40499 | D:9      | Bought a runed buckler for 165 gold pieces
 41300 | D:9      | Bought a crude plate armour for 812 gold pieces
 41310 | D:9      | Identified the +9 plate armour of Ypiagal {*Corrode rF++ MR+} (You bought it in a shop on level 9 of the Dungeon)
 41424 | D:14     | Found Womel's Jewellery Shop.
 41427 | D:14     | Bought the ring "Betrimm" {rCorr MP+9 Slay+3} for 702 gold pieces
 41522 | D:14     | Found a shadowy altar of Dithmenos.
 41554 | D:14     | Reached skill level 1 in Shields
 41780 | D:14     | Noticed Nessos
 41808 | D:14     | Killed Nessos
 41998 | D:14     | Reached XP level 16. HP: 172/172 MP: 22/22
 42282 | D:14     | Reached skill level 5 in Shields
 42632 | D:15     | Entered Level 15 of the Dungeon
 43504 | D:15     | Received a gift from Trog
 43643 | D:15     | Found a staircase to the Depths.
 43888 | Spider:1 | Entered Level 1 of the Spider Nest
 44079 | Spider:1 | Reached skill level 10 in Shields
 45225 | Spider:2 | Noticed Arachne
 45225 | Spider:2 | Noticed Aizul
 45295 | Spider:1 | Killed Aizul
 45749 | Spider:1 | Killed Arachne
 46355 | Spider:3 | Received a gift from Trog
 46412 | Spider:4 | Entered Level 4 of the Spider Nest
 46493 | Spider:4 | Noticed Jorgrun
 46587 | Spider:4 | Killed Jorgrun
 48290 | Spider:3 | Reached XP level 17. HP: 176/180 MP: 23/23
 48674 | Spider:3 | HP: 11/270 [redback (12)]
 48675 | Spider:3 | Mangled by an entropy weaver

Skill      XL: |  1  2  3  4  5  6  7  8  9 10 11 12 13 14 15 16 |
---------------+-------------------------------------------------+-----
Fighting       | 1 8 12 15 17 19 22 23 | 23.6
Maces & Flails | 1 3 4 6 8 10 13 14 15 | 15.0
Evocations     | 2 5 8 10 | 10.0
Armour         | 3 8 |  8.3
Shields        | 3 14 | 14.6
Short Blades   | |  0.4
Dodging        | |  2.2
Stealth        | |  1.5
Spellcasting   | |  1.3
Transmutations | |  0.7
Earth Magic    | |  2.6

Action                   |  1- 3 |  4- 6 |  7- 9 | 10-12 | 13-15 | 16-18 || total
-------------------------+-------+-------+-------+-------+-------+-------++-------
Melee: Dagger            |    28 |       |       |       |       |       ||    28
       Headbutt          |    27 |    43 |    65 |   136 |   584 |   214 ||  1069
       Unarmed           |     3 |       |       |       |       |       ||     3
       Club              |    62 |       |       |       |       |       ||    62
       Spear             |    23 |       |       |       |       |       ||    23
       Whip              |    64 |   276 |    70 |       |       |       ||   410
       Flail             |       |       |   317 |   703 |  2109 |   799 ||  3928
 Cast: Sandblast         |     1 |       |       |       |       |       ||     1
Invok: Burn Spellbooks   |       |       |     2 |     3 |       |     1 ||     6
       Berserk           |       |       |       |     8 |     9 |     3 ||    20
       Trog's Hand       |       |       |       |     2 |     3 |     1 ||     6
       Brothers in Arms  |       |       |       |       |     6 |     4 ||    10
Evoke: Wand              |       |       |       |       |     1 |    11 ||    12
  Use: Scroll            |     2 |    13 |       |     2 |    30 |     5 ||    52
       Potion            |     2 |     2 |     6 |     4 |    11 |     2 ||    27
 Stab: Sleeping          |     4 |       |       |       |     3 |       ||     7
       Distracted        |       |       |       |     1 |     3 |       ||     4
       Confused          |       |       |       |     1 |       |     8 ||     9
       Petrified         |       |       |       |       |     3 |       ||     3
  Eat: Chunk             |     5 |     9 |    15 |    32 |    81 |    20 ||   162
       Fruit             |       |       |     3 |    10 |     1 |       ||    14
       Royal jelly       |       |       |       |       |     4 |       ||     4
Armor: Robe              |    45 |     6 |       |       |       |       ||    51
       Ring mail         |       |    59 |    92 |   185 |       |       ||   336
       Leather armour    |       |       |       |    16 |   649 |       ||   665
       Plate armour      |       |       |       |       |    29 |   611 ||   640
Dodge: Dodged            |   104 |   123 |   133 |   316 |  1046 |   225 ||  1947
Block: Buckler           |       |       |       |       |    17 |   323 ||   340
       Reflection        |       |       |       |       |       |     4 ||     4
